 Dungeon Crawl Stone Soup version 0.25-a0-523-g9afb2ee040 (webtiles) character file.

Game seed: 5095185567171553744, levelgen mode: classic

12985 EnegeticOcto the Cleaver (level 11, -8/106 HPs)
             Began as a Deep Dwarf Fighter on Feb 18, 2020.
             Was a High Priest of Makhleb.
             Mangled by a hog (10 damage)
             ... led by Kirke
             ... on level 12 of the Dungeon.
             The game lasted 00:05:56 (6387 turns).

EnegeticOcto the Cleaver (Deep Dwarf Fighter)       Turns: 6387, Time: 00:05:57

Health: -8/106     AC:  0    Str: 23    XL:     11   Next: 69%
Magic:  15/15      EV: 18    Int:  9    God:    Makhleb [*****.]
Gold:   285        SH:  0    Dex: 12    Spells: 10/10 levels left

rFire    . . .     SeeInvis .   (weapon currently unavailable)
rCold    . . .     Gourm    .   (shield currently unavailable)
rNeg     . . .     Faith    .   (armour currently unavailable)
rPois    .         Spirit   .   (helmet currently unavailable)
rElec    .         Reflect  .   (cloak currently unavailable)
rCorr    .         Harm     .   (gloves currently unavailable)
MR       +....                  (boots currently unavailable)
Stlth    +.........             (no amulet)
HPRegen  0.00/turn              (ring currently unavailable)
MPRegen  0.14/turn              (ring currently unavailable)

@: lethally poisoned (-8 -> -70), pig-form, non-regenerating, very quick
A: small, damage resistance, heal wounds, sense surroundings 2, no regeneration
a: Heal Wounds, Minor Destruction, Lesser Servant of Makhleb, Major Destruction,
Greater Servant of Makhleb, Renounce Religion


You were on level 12 of the Dungeon.
You worshipped Makhleb.
Makhleb was extremely pleased with you.
You were not hungry.
You were a filthy swine.
You visited 1 branch of the dungeon, and saw 12 of its levels.
You also visited: Bailey.

You collected 495 gold pieces.
You spent 210 gold pieces at shops.

Inventory:

Hand Weapons
 a - the +7 broad axe "Hydraslayer" (melded) {freeze, *Noise Dex+5}
   (You found it on level 4 of the Dungeon)

   It has been specially enchanted to freeze those struck by it, causing extra
   injury to most foes and up to half again as much damage against particularly
   susceptible opponents.
   It can also slow down cold-blooded creatures.
   It affects your dexterity (+5).
   It may make noises in combat.
Armour
 c - a +0 kite shield (melded)
 g - a +1 helmet (melded)
 q - the +0 cloak "Mepruab" {*Corrode +Fly rPois Str+6}
   (You found it on level 5 of the Dungeon)

   It affects your strength (+6).
   It protects you from poison.
   It lets you fly.
   It may corrode you when you take damage.
   If you switch to wearing this armour, your AC will increase by 1 (0 -> 1).
 t - a +0 plate armour (melded)
 B - a +2 pair of boots of stealth (melded)
 C - a +0 pair of gloves (melded)
Wands
 b - a wand of iceblast (5)
 i - a wand of polymorph (16)
 r - a wand of disintegration (36)
 z - a wand of digging (2) {@V2}
Scrolls
 f - 2 scrolls of identify {@r1}
 l - 2 scrolls of remove curse {@r6}
 s - a scroll of holy word
 u - 3 scrolls of magic mapping {@r5}
 x - a scroll of enchant weapon
 A - a scroll of silence
Potions
 d - a potion of invisibility
 h - a potion of heal wounds {unknown}
 j - 4 potions of stabbing {@q5}
 k - a potion of might {@q3}
 m - 8 potions of curing {@q1}
 n - 2 potions of haste {@q4}
 o - 2 potions of cancellation
 p - a potion of degeneration
 v - a potion of mutation
 w - 2 potions of ambrosia
Miscellaneous
 y - a box of beasts
Comestibles
 e - 12 rations
 D - 7 chunks of flesh


   Skills:
 * Level 9.3 Fighting
 * Level 10.8 Axes
 + Level 8.0 Armour
 + Level 7.3 Dodging
 + Level 8.0 Shields
 + Level 8.1 Invocations


You had 10 spell levels left.
You didn't know any spells.
Your spell library was empty.

Dungeon Overview and Level Annotations

Branches:
Dungeon (12/15)            Temple (0/1) D:5            Lair (0/6) D:11
    Orc (0/2) D:11         Bailey (visited)

Altars:
Ashenzari
Fedhas
Gozag
Makhleb
Nemelex Xobeh
Sif Muna
Trog
Uskayaw
Xom
The Shining One

Shops:
D:4 %:=   D:8 %   D:10 [:((:

Annotations:
D:11 1 exclusion
D:12 Kirke, Sonja


Innate Abilities, Weirdness & Mutations

You are resistant to damage.
You can heal yourself by infusing magical energy.
You passively map the area around you.
You do not regenerate.


Message History

You barely miss Sonja.
Sonja is moderately wounded.
You feel extremely sick.
Sonja zaps a wand.
The puff of flame hits you. Sonja hits you but does no damage.
You are more poisoned.
Sonja hits you but does no damage. x2
You are more poisoned.
Sonja zaps a wand.
The puff of flame misses you.
You hit Sonja. You freeze Sonja.
Your broad axe "Hydraslayer" makes a horrible noise.
Sonja is heavily wounded.
You feel extremely sick.
You hear an angry squeal. x4; You hear a shout! x4; You hear a screech!
You hear a horrible gurgling sound!
You block Sonja's attack. x2; Sonja barely misses you.
A hog comes into view.
Sonja misses you. You block Sonja's attack. Sonja hits you but does no damage.
You are more poisoned.
Kirke, Weaver of Myths comes into view.
A hog comes into view. x2
You completely miss Sonja.
Sonja is heavily wounded.
You feel extremely sick.
The hog squeals angrily.
Sonja barely misses you. You block Sonja's attack. x2
Sonja closely misses you. Sonja hits you but does no damage.
You are more poisoned.
Sonja hits you but does no damage.
You are more poisoned.
A hog comes into view. x2
You block Sonja's attack. Sonja hits you but does no damage.
You are more poisoned.
Sonja barely misses you.
Kirke holds her sides and says, "You'll eat dirt beneath my feet."
A hog comes into view.
You closely miss Sonja.
Sonja is heavily wounded.
You feel extremely sick.
The hog squeals angrily.
Sonja hits you but does no damage.
You are lethally poisoned!
Sonja hits you but does no damage.
You are more poisoned.
Sonja hits you with a +0 dagger of venom.
You are more poisoned.
A hog comes into view.
Kirke gestures at you while chanting.
You turn into a filthy swine.
The +7 broad axe "Hydraslayer" {freeze, *Noise Dex+5} melds into your body.
Your +1 helmet melds into your body.
Your +0 pair of gloves melds into your body.
Your +2 pair of boots of stealth melds into your body.
Your +0 kite shield melds into your body.
Your +0 plate armour melds into your body.
The +7 broad axe "Hydraslayer" {freeze, *Noise Dex+5} stops glowing.
You feel less stealthy.
Sonja hits you with a +0 dagger of venom.
You are more poisoned.
Sonja misses you. Sonja closely misses you.
The hog squeals angrily.
You miss Sonja.
Sonja is heavily wounded.
You feel extremely sick.
Sonja casts a spell.
Sonja blinks!
The cyclops hits you!!
* * * LOW HITPOINT WARNING * * *
The hog completely misses you.
You are too injured to fight recklessly!
You are too injured to fight recklessly!
You are too injured to fight recklessly!
You are too injured to fight recklessly!
You are too injured to fight recklessly!
You are too injured to fight recklessly!
You are too injured to fight recklessly!
You are too injured to fight recklessly!
You are too injured to fight recklessly!
You are too injured to fight recklessly!
You feel much better.
You feel extremely sick.
Sonja casts a spell.
Sonja blinks!
A troll comes into view.
The hog bites you. The hog barely misses you. The hog completely misses you.
The cyclops hits you!
* * * LOW HITPOINT WARNING * * *
The hog misses you. The hog bites you.
* * * LOW HITPOINT WARNING * * *
You feel much better.
You feel yourself speed up.
You feel extremely sick. The hog bites you!
* * * LOW HITPOINT WARNING * * *
The hog bites you!
* * * LOW HITPOINT WARNING * * *
The hog bites you!
* * * LOW HITPOINT WARNING * * *
The hog misses you. The hog closely misses you. The hog bites you!
* * * LOW HITPOINT WARNING * * *
The cyclops barely misses you. The hog bites you!
You die...

* , , #.......+
*, #.......# ,*
,, #####.......#
, *
#...........##+ ,
, #..............
#......h.......,
, #.....Ch.......
, **
#....(hh@h.T...
#....(hh.......,,
, #.....Kh.#+####
##......ยง# , ,,
#.......# +
#.......+ , * , *
#.......# * *
#.......# + ,*
,,, ,


You could see Kirke, a cyclops, a troll, 7 hogs and Sonja.

Vanquished Creatures
  A centaur warrior (D:12)
  2 two-headed ogres
  A glowing orange brain (D:12)
  3 demonic crawlers (D:12)
  2 trolls
  A hornet (D:8)
  2 hippogriffs
  Sigmund (D:5)
  3 small abominations (D:12)
  4 yaks (D:5)
  4 wraiths
  A wyvern (D:10)
  A hungry ghost (D:9)
  2 wargs (D:11)
  3 black bears
  An ice beast (D:7)
  An eye of draining (D:10)
  10 orc warriors
  A sky beast (D:10)
  A necrophage (D:10)
  4 ogres
  A phantom (D:5)
  3 centaurs
  2 big kobolds
  6 bullfrogs
  A gnoll sergeant (D:9)
  A water moccasin skeleton (D:5)
  4 scorpions
  17 killer bees
  An electric eel (D:11)
  2 howler monkeys
  5 crimson imps
  4 jellies
  10 hounds
  17 orc wizards
  A quasit (D:10)
  5 orc priests (D:11)
  2 bullfrog skeletons
  A centaur skeleton (D:4)
  2 iguanas (D:11)
  Ijyb (D:4)
  15 worker ants
  3 hound zombies
  Robin (D:2)
  A howler monkey skeleton (D:5)
  A worker ant zombie (D:7)
  7 gnolls
  5 shadow imps
  8 adders
  An ooze (D:4)
  An adder zombie (D:7)
  An adder skeleton (D:8)
  A worm (D:6)
  2 dart slugs
  9 leopard geckos
  47 orcs
  5 giant cockroaches
  9 goblins
  5 hobgoblins
  8 jackals
  3 quokkas
  2 jackal skeletons (D:4)
  9 kobolds
  A rat (D:1)
280 creatures vanquished.

Vanquished Creatures (collateral kills)
  A hydra (D:11)
  2 ogres (D:11)
3 creatures vanquished.

Vanquished Creatures (others)
  A plant (D:10)
1 creature vanquished.

Grand Total: 284 creatures vanquished

Notes
Turn   | Place    | Note
-------+----------+-------------------------------------------
     0 | D:1      | EnegeticOcto the Deep Dwarf Fighter began the quest for the
                  | Orb.
     0 | D:1      | Reached XP level 1. HP: 20/20 MP: 1/1
   108 | D:2      | Reached XP level 2. HP: 16/27 MP: 2/2
   109 | D:2      | Noticed Robin
   119 | D:2      | Killed Robin
   137 | D:2      | Reached XP level 3. HP: 27/34 MP: 3/3
   138 | D:2      | Reached skill level 1 in Dodging
   151 | D:2      | Reached skill level 3 in Axes
   287 | D:4      | Noticed Ijyb
   304 | D:4      | Killed Ijyb
   304 | D:4      | Reached XP level 4. HP: 42/42 MP: 3/3
   423 | D:4      | Found Ciloenaq's Food Boutique.
   425 | D:4      | Got a warped broad axe
   426 | D:4      | Identified the +7 broad axe "Hydraslayer" {freeze, *Noise
                  | Dex+5} (You found it on level 4 of the Dungeon)
   496 | D:4      | Reached XP level 5. HP: 47/49 MP: 4/4
   505 | D:4      | Found a blossoming altar of Fedhas.
   647 | D:4      | Found Ynatzuwk's Jewellery Boutique.
   662 | D:4      | Reached skill level 4 in Axes
   989 | D:4      | Found Neok's Book Shoppe.
  1080 | D:4      | Reached XP level 6. HP: 39/57 MP: 5/5
  1089 | D:4      | Found a burning altar of Makhleb.
  1152 | D:4      | Became a worshipper of Makhleb the Destroyer
  1167 | D:5      | Entered Level 5 of the Dungeon
  1223 | D:5      | Noticed Sigmund
  1232 | D:5      | Killed Sigmund
  1232 | D:5      | Reached skill level 1 in Invocations
  1232 | D:5      | Reached XP level 7. HP: 27/66 MP: 5/7
  1332 | D:5      | Found a staircase to the Ecumenical Temple.
  1335 | D:5      | Reached skill level 5 in Axes
  1369 | D:5      | Noticed a yak
  1372 | D:5      | Noticed a yak
  1374 | D:5      | Noticed a yak
  1375 | D:5      | Noticed a yak
  1377 | D:5      | Killed a yak
  1378 | D:5      | Killed a yak
  1384 | D:5      | Killed a yak
  1384 | D:5      | Reached skill level 5 in Fighting
  1384 | D:5      | Reached XP level 8. HP: 44/74 MP: 7/9
  1385 | D:5      | Reached skill level 6 in Axes
  1385 | D:5      | Reached skill level 5 in Armour
  1385 | D:5      | Reached skill level 5 in Shields
  1466 | D:5      | Found a shimmering altar of Xom.
  1467 | D:5      | Found a shimmering altar of Xom.
  1467 | D:5      | Found a shimmering altar of Xom.
  1468 | D:5      | Found a shimmering altar of Xom.
  1468 | D:5      | Found a shimmering altar of Xom.
  1472 | D:5      | Found a shimmering altar of Xom.
  1647 | D:5      | Got a polished cloak
  1653 | D:5      | Identified the cursed +0 cloak "Mepruab" {*Corrode +Fly
                  | rPois Str+6} (You found it on level 5 of the Dungeon)
  1656 | D:5      | Found a glowing golden altar of the Shining One.
  1852 | D:6      | Reached * piety under Makhleb
  1900 | D:6      | Found a shimmering blue altar of Sif Muna.
  1901 | D:6      | Found an opulent altar of Gozag.
  1901 | D:6      | Found a sparkling altar of Nemelex Xobeh.
  1939 | D:6      | Reached skill level 7 in Axes
  1950 | D:6      | Gained mutation: You passively map the area around you.
                  | [Deep Dwarf growth]
  1950 | D:6      | Reached XP level 9. HP: 57/82 MP: 11/11
  2461 | D:7      | Reached ** piety under Makhleb
  2533 | D:7      | Found a burning altar of Makhleb.
  2731 | D:7      | Found a bloodstained altar of Trog.
  3030 | D:7      | Reached skill level 5 in Invocations
  3188 | D:8      | Reached skill level 5 in Dodging
  3217 | D:8      | Found a flagged portal.
  3234 | Bailey   | Entered a bailey
  3263 | Bailey   | Reached skill level 8 in Axes
  3277 | Bailey   | Found a burning altar of Makhleb.
  3340 | D:8      | Found Xibu's Food Boutique.
  3506 | D:8      | Reached *** piety under Makhleb
  3595 | D:8      | Noticed a two-headed ogre
  3603 | D:8      | Killed a two-headed ogre
  3603 | D:8      | Reached XP level 10. HP: 80/94 MP: 13/13
  3808 | D:9      | Found a hide-covered altar of Uskayaw.
  4055 | D:9      | Reached skill level 9 in Axes
  4264 | D:9      | Noticed a two-headed ogre
  4275 | D:9      | Killed a two-headed ogre
  4332 | D:9      | Reached **** piety under Makhleb
  4715 | D:10     | Entered Level 10 of the Dungeon
  4921 | D:10     | Found Toshroirgh's Antique Armour Emporium.
  4925 | D:10     | Bought a pair of glowing boots for 210 gold pieces
  4991 | D:10     | Found Juqu's Book Shoppe.
  5007 | D:10     | Found Izxachib's Antique Weapon Shoppe.
  5019 | D:10     | You fall into a shaft and drop 1 floor!
  5066 | D:11     | Found a shattered altar of Ashenzari.
  5142 | D:11     | Reached ***** piety under Makhleb
  5142 | D:11     | Reached XP level 11. HP: 89/104 MP: 14/14
  5150 | D:11     | Reached skill level 10 in Axes
  5323 | D:11     | Noticed a seven-headed hydra
  5334 | D:11     | Killed a seven-headed hydra
  5473 | D:11     | Found a staircase to the Lair.
  5729 | D:11     | Found a staircase to the Orcish Mines.
  5999 | D:10     | Found Heskenig's Book Boutique.
  6097 | D:10     | Found Hushaifu's Antique Weapon Emporium.
  6350 | D:12     | Noticed a centaur warrior
  6350 | D:12     | Noticed a glowing orange brain
  6358 | D:12     | Killed a glowing orange brain
  6360 | D:12     | Killed a centaur warrior
  6375 | D:12     | Noticed Sonja
  6382 | D:12     | Noticed Kirke
  6387 | D:12     | HP: 2/106 [hog[Kirke] (7)]
  6387 | D:12     | Mangled by a hog

Levels and vault maps discovered:
D:1:      dpeg_arrival_rhombus, layout_loops_corners,
          chequers_serial_rivers_micro_d
D:2:      layout_loops_ring, nicolae_overflow_hidden_temple, uniq_terence,
          uniq_crazy_yiuf_cottage, uniq_jessica, uniq_robin
D:3:      layout_loops_ring, first_ration, kennysheep_generic_room_5
D:4:      layout_basic, fedhas_altar_4, serial_shops, nicolae_shop_behind_doors,
          kennysheep_little_box, nicolae_shop_waterfront,
          makhleb_heckhound_becter, uniq_ijyb
D:5:      layout_loops_cross, tso_oasis_becter, minmay_temple_entry_grid,
          xom_redecorated, uniq_sigmund
D:6:      layout_loops_cross, chequers_temple_overflow_statue_of_worship
D:7:      layout_basic, lemuel_round_altar, trog_ov_bears_minmay
D:8:      layout_loops_corners, enter_bailey_2, serial_shops, shop
D:9:      layout_basic, eat_drink_and_be_merry_uskayaw
D:10:     layout_loops_ring, serial_shops, nicolae_shop_crystal, shop_statue,
          kennysheep_mini, shop, shop, hangedman_ranch [blue_anna_fruit_fields],
          due_unseen_surprise
D:11:     layout_irregular_city, erik_lair_orcish_takeover, erik_orc_2,
          grunt_ministairs_9, evilmike_ruin_ashenzari
D:12:     cheibrodos_hippocracy, layout_irregular_city, st_stairs_3, uniq_kirke,
          uniq_sonja, uniq_nessos

Skill      XL: |  1  2  3  4  5  6  7  8  9 10 11 |
---------------+----------------------------------+-----
Fighting       | 3 4 5 6 7 8 9 |  9.3
Dodging        | 1 2 3 4 5 6 7 |  7.3
Axes           | 3 4 5 7 8 9 10 | 10.8
Shields        | 4 5 6 7 8 |  8.0
Armour         | 4 5 6 7 8 |  8.0
Invocations    | 1 2 4 5 7 8 |  8.1

Action                   |  1- 3 |  4- 6 |  7- 9 | 10-12 || total
-------------------------+-------+-------+-------+-------++-------
Melee: War axe           |    91 |     2 |       |       ||    93
       Broad axe         |       |    65 |   250 |   361 ||   676
       Unarmed           |       |       |       |     1 ||     1
Invok: Lesser Servant of |       |       |       |     3 ||     3
 Abil: Heal Wounds       |     2 |       |     8 |     9 ||    19
Evoke: Wand              |       |       |       |     7 ||     7
  Use: Scroll            |       |       |    12 |     7 ||    19
 Stab: Distracted        |       |       |       |     1 ||     1
  Eat: Chunk             |       |     1 |     9 |    11 ||    21
Armor: Scale mail        |    22 |    20 |    47 |       ||    89
       Skin              |     2 |       |       |       ||     2
       Plate armour      |       |       |   116 |   240 ||   356
Dodge: Dodged            |    31 |    18 |   110 |   188 ||   347
Block: Kite shield       |    49 |    26 |   178 |   273 ||   526

Table legend:
 A = Non-vault XP
 B = Vault XP
 C = Vault XP percentage of total XP
 D = Non-vault monster count
 E = Vault monster count
 F = Vault count percentage of total count
                 A         B        C        D         E       F
            +---------+---------+-------+---------+---------+-------
      Total |   12831 |    5719 |  30.8 |     221 |      62 |  21.9
            +---------+---------+-------+---------+---------+-------
        D:1 |       9 |       0 |   0.0 |       4 |       0 |   0.0
        D:2 |      44 |      35 |  44.3 |       2 |      11 |  84.6
        D:3 |       5 |       0 |   0.0 |       2 |       0 |   0.0
        D:4 |     275 |      81 |  22.8 |      26 |       2 |   7.1
        D:5 |    1356 |     223 |  14.1 |      22 |       1 |   4.3
        D:6 |     927 |       0 |   0.0 |      33 |       0 |   0.0
        D:7 |     756 |     262 |  25.7 |      19 |       2 |   9.5
        D:8 |    2432 |       0 |   0.0 |      28 |       0 |   0.0
        D:9 |    2358 |       0 |   0.0 |      30 |       0 |   0.0
       D:10 |    2012 |       0 |   0.0 |      28 |       0 |   0.0
       D:11 |    2321 |    1452 |  38.5 |      20 |      30 |  60.0
       D:12 |     336 |    3271 |  90.7 |       7 |      10 |  58.8
     Bailey |       0 |     395 | 100.0 |       0 |       6 | 100.0
            +---------+---------+-------+---------+---------+-------
